 Dungeon Crawl Stone Soup version 0.27.1-34-g3ba077fa99 (webtiles) character file.

Game seed: 5502397446767961023

423 Delamore the Covert (level 6, -2/39 HPs)
             Began as an Octopode Brigand on Feb 6, 2022.
             Slain by Pikel (6 damage)
             ... on level 4 of the Dungeon.
             The game lasted 00:06:17 (6562 turns).

Delamore the Covert (Octopode Brigand)              Turns: 6562, Time: 00:06:18

Health: -2/39      AC:  1    Str:  8 (10) XL:     6   Next: 95%
Magic:  6/6        EV: 12    Int: 13 (14) God:
Gold:   51         SH:  0    Dex: 13 (15) Spells: 5/5 levels left

rFire    . . .     SeeInvis .   a - +2 dagger
rCold    . . .     Faith    .   (no shield)
rNeg     . . .     Spirit   .   (helmet restricted)
rPois    .         Reflect  .   (no amulet)
rElec    .         Harm     .   (no ring)
rCorr    .         Rampage  .   (no ring)
Will     .....                  (no ring)
Stlth    +++++.....             (no ring)
HPRegen  0.13/turn              (no ring)
MPRegen  0.10/turn              (no ring)
                                (no ring)
                                (no ring)

@: flying
A: almost no armour, amphibious, 8 rings, camouflage 1, gelatinous body 1,
(nimble swimmer 1), tentacles
a: no special abilities


You were on level 4 of the Dungeon.
You visited 1 branch of the dungeon, and saw 5 of its levels.

You collected 135 gold pieces.
You spent 84 gold pieces at shops.

Inventory:

Hand Weapons
 a - a +2 dagger (weapon)
Missiles
 b - 21 poisoned darts (quivered)
 h - 8 javelins
Armour
 i - a +0 kite shield
Scrolls
 e - a scroll of magic mapping
 f - 3 scrolls of teleportation
 g - a scroll of fog
 k - 3 scrolls of noise
 m - a scroll of vulnerability {unknown}
 o - a scroll of enchant armour {unknown}
 p - a scroll of identify
 q - a scroll of silence {unknown}
Potions
 j - 2 potions of flight


   Skills:
 - Level 2.0 Fighting
 + Level 4.3 Short Blades
 - Level 2.0 Throwing
 - Level 1.0 Dodging
 * Level 9.7 Stealth


You had 5 spell levels left.
You didn't know any spells.
Your spell library contained the following spells:

 Spells                   Type           Power      Damage    Failure   Level
 Animate Skeleton         Necr           0%         N/A       30%         1
 Pain                     Necr           0%         1d4       30%         1
 Vampiric Draining        Necr           0%         2d6       67%         3


Dungeon Overview and Level Annotations

Branches:
Dungeon (5/15)
 Temple: D:4-7

Altars:
Fedhas
Ru
Trog

Shops:
D:1 [?

Annotations:
D:4 Pikel


Innate Abilities, Weirdness & Mutations

You cannot wear most types of armour.
You are amphibious.
You can wear up to eight rings at the same time.
Your skin changes colour to match your surroundings (Stealth+).
Your rubbery body absorbs attacks. (AC +1, EV +1)
((You are camouflaged near water. (Stealth+)))
You have tentacles for arms and can constrict up to eight enemies at once.


Message History

Pikel zaps a wand.
The mass of ice explodes!
The iceblast engulfs you!
You throw a poisoned dart. The poisoned dart closely misses Pikel.
You hit Pikel but do no damage. Your grab misses Pikel.
Your squeeze misses Pikel. Pikel misses you.
You hit Pikel. Your grab misses Pikel.
Pikel is lightly wounded.
You closely miss Pikel. You grab Pikel. You squeeze Pikel, but do no damage.
Pikel is lightly wounded.
You constrict Pikel, but do no damage. Pikel closely misses you.
You hit Pikel but do no damage. You squeeze Pikel.
Pikel is moderately wounded.
You constrict Pikel.
Pikel hits you with a +0 whip of electrocution.
You are electrocuted!
* * * LOW HITPOINT WARNING * * *
You are too injured to fight recklessly!
Okay, then.
You release your grip on Pikel.
Press: ? - help, v - describe, . - travel
Here: Pikel, wielding a +0 whip of electrocution, wearing a +2 robe of positive energy and carrying a wand of iceblast (3) (moderately wounded, poisoned)
The floor.
Okay, then.
It was a potion of flight.
You feel very buoyant.
You fly up into the air.
Pikel misses you.
It was a potion of degeneration.
There was something very wrong with that liquid.
You feel weakened.
You feel dopey.
You feel clumsy.
Pikel looks more healthy.
Pikel misses you.
It was a potion of curing.
You feel better.
Pikel hits you with a +0 whip of electrocution.
* * * LOW HITPOINT WARNING * * *
As you read the scroll labelled XYOPHYFOYPP, it crumbles to dust.
Your body is wracked with pain!
* * * LOW HITPOINT WARNING * * *
Pikel convulses!
It was a scroll of torment.
Pikel barely misses you.
You hit Pikel but do no damage. Your grab misses Pikel.
Pikel is severely wounded.
Pikel hits you with a +0 whip of electrocution.
You die...

###.......##)..# #.........##...#
#####.........##...# ##
..............##...# #.
.###..#.......##...# #.
...#..#.......##...#############.
##.#.........)...................
.#...'##<....###################.
.#...>.(........@K.(....(.....###
...#.........######......####'###
.............# #.....(##......
.........##### ##......##......
.........# #.......##......
.....##### #.########......
###### #.# #...... # #.# #...#..
# #.# ##...).


You could see Pikel.

Vanquished Creatures
  An ogre (D:4)
  4 lemures (D:4)
  A scorpion (D:4)
  A water moccasin skeleton (D:4)
  3 hounds (D:4)
  Robin (D:2)
  3 gnolls (D:3)
  3 adders
  A worm (D:3)
  A dart slug (D:2)
  2 orcs (D:3)
  9 ball pythons
  An endoplasm (D:4)
  3 giant cockroaches
  17 goblins
  6 hobgoblins
  4 kobolds
  A quokka (D:3)
  5 bats
  3 frilled lizards
  3 rats
73 creatures vanquished.

Notes
Turn   | Place    | Note
-------+----------+-------------------------------------------
     0 | D:1      | Delamore the Octopode Brigand began the quest for the Orb.
     0 | D:1      | Reached XP level 1. HP: 14/14 MP: 1/1
   228 | D:1      | Found Kyulac's Magic Scroll Boutique.
   295 | D:1      | Found a faded altar of an unknown god.
   403 | D:1      | Reached XP level 2. HP: 19/19 MP: 2/2
   803 | D:1      | Found Morph's Antique Armour Boutique.
  1074 | D:2      | Noticed Robin
  1114 | D:1      | Reached skill level 6 in Stealth
  1551 | D:1      | Reached XP level 3. HP: 4/24 MP: 3/3
  1817 | D:1      | Bought a scroll of identify for 26 gold pieces
  1974 | D:2      | Killed Robin
  2822 | D:2      | Reached XP level 4. HP: 29/29 MP: 4/4
  3061 | D:2      | Reached skill level 7 in Stealth
  4466 | D:3      | Reached XP level 5. HP: 18/34 MP: 5/5
  4731 | D:1      | Bought a scroll of noise for 13 gold pieces
  4731 | D:1      | Bought a scroll of magic mapping for 45 gold pieces
  4777 | D:4      | Noticed an ogre
  4778 | D:4      | Killed an ogre
  4779 | D:4      | Reached skill level 8 in Stealth
  4807 | D:4      | Reached XP level 6. HP: 39/39 MP: 6/6
  4815 | D:4      | Found a sacrificial altar of Ru.
  4847 | D:4      | Found a blossoming altar of Fedhas.
  4847 | D:4      | Found a bloodstained altar of Trog.
  4940 | D:4      | Reached skill level 9 in Stealth
  4952 | D:4      | Noticed Pikel
  6038 | D:5      | Entered Level 5 of the Dungeon
  6556 | D:4      | HP: 1/39 [Pikel (17)]
  6562 | D:4      | Slain by Pikel

Illustrated notes

Levels and vault maps discovered:
D:1:      amcnicky_arrival_blooded_trapdoor, layout_basic,
          chequers_ecumenical_altar_island, serial_shops, nicolae_square_shop,
          nicolae_diamond_shop
D:2:      layout_basic, serial_aquarium, aquarium_bridge_square
          [aquarium_subvault_bridge, aquarium_subvault_window,
          aquarium_subvault_wall, aquarium_subvault_wall],
          aquarium_bridge_square [aquarium_subvault_bridge,
          aquarium_subvault_bridge, aquarium_subvault_wall,
          aquarium_subvault_wall], aquarium_window_corridor_2,
          aquarium_window_fake, aquarium_view_4, aquarium_view_2c,
          aquarium_balcony_1a, uniq_robin
D:3:      layout_loops_ring, chequers_avenue
D:4:      layout_basic, hangedman_ru_absence, gammafunk_temple_overflow_pools,
          hangedman_abyss_or_decor_stabs, uniq_pikel
D:5:      layout_basic

Skill      XL: |  1  2  3  4  5  6 |
---------------+-------------------+-----
Stealth        | 6 7 8 9 |  9.7
Short Blades   | 3 4 |  4.3
Fighting       | |  2.0
Throwing       | |  2.0
Dodging        | |  1.0

Action                   |  1- 3 |  4- 6 || total
-------------------------+-------+-------++-------
Melee: Dagger            |    64 |   100 ||   164
       Tentacles         |     8 |    30 ||    38
       Constrict         |    11 |    22 ||    33
Throw: Dart              |     1 |    44 ||    45
       Javelin           |       |     2 ||     2
  Use: Scroll            |     2 |     4 ||     6
       Potion            |       |     3 ||     3
 Stab: Sleeping          |     8 |    15 ||    23
       Distracted        |     1 |       ||     1
Armor: Skin              |     1 |     4 ||     5
Dodge: Dodged            |    29 |    47 ||    76
